 Dungeon Crawl Stone Soup version 0.32-a0-20-ge526923d97 (webtiles) character file.

Game seed: 9792647555198117313

253 12sPaWn12 the Covered (level 6, 0/38 HPs)
             Began as a Gargoyle Fighter on Jan 17, 2024.
             Slain by an iguana (11 damage)
             ... on level 4 of the Dungeon on Jan 18, 2024.
             The game lasted 00:04:51 (2883 turns).

12sPaWn12 the Covered (Gargoyle Fighter)            Turns: 2883, Time: 00:04:52

Health: 0/38       AC: 14    Str: 21    XL:     6   Next: 14%
Magic:  6/6        EV:  9    Int:  9    God:
Gold:   168        SH:  4    Dex:  9    Spells: 5/5 levels left

rFire   . . .        a - +0 flail
rCold   . . .        c - +0 buckler
rNeg    + . .        b - +0 scale mail
rPois   ∞            o - +0 helmet
rElec   +            (no cloak)
rCorr   .            p - +0 pair of gloves
SInv    .            (no boots)
Will    .....        (no amulet) Stlth
                     (no ring)
HPRegen 0.26/turn    (no ring)
MPRegen 0.10/turn

%: no passive effects
@: no status effects
A: sickness immunity, AC +4, negative energy resistance 1, electricity
resistance, torment resistance 1, petrification resistance
a: no special abilities


You were on level 4 of the Dungeon.
You visited 1 branch of the dungeon, and saw 4 of its levels.

You collected 168 gold pieces.

Inventory:

Hand Weapons
 a - a +0 flail (weapon)
Armour
 b - a +0 scale mail (worn)
 c - a +0 buckler (worn)
 o - a +0 helmet (worn)
 p - a +0 pair of gloves (worn)
Scrolls
 f - a scroll of vulnerability {unknown}
 g - 3 scrolls of identify {unknown}
 i - 2 scrolls of poison {unknown}
 j - a scroll of fog {unknown}
 k - a scroll of teleportation {unknown}
 m - 3 scrolls of immolation {unknown}
Potions
 d - 2 potions of might
 e - a potion of mutation {unknown}
 h - a potion of heal wounds {unknown}
 l - a potion of brilliance {unknown}
 n - a potion of cancellation {unknown}


   Skills:
 * Level 4.1 Fighting
 * Level 4.1 Maces & Flails
 * Level 4.9 Armour
 * Level 4.1 Shields


You had 5 spell levels left.
You didn't know any spells.
Your spell library contained the following spells:

 Spells                   Type           Power      Damage    Failure   Level
 Apportation              Tloc           0%         N/A       78%         1
 Jinxbite                 Hex            0%         N/A       89%         2
 Mercury Vapours          Alch/Air       0%         N/A       89%         2
 Mephitic Cloud           Conj/Alch/Air  0%         N/A       98%         3
 Alistair's Intoxication  Alch           0%         N/A       100%        5
 Freezing Cloud           Conj/Ice/Air   0%         6-21      100%        5


Dungeon Overview and Level Annotations

Branches:
Dungeon (4/15)
 Temple: D:4-7

Altars:
Ru

Annotations:
D:3 2 transporters, Palms's ghost, amateur BaRe
D:4 Sigmund


Innate Abilities, Weirdness & Mutations

You are immune to sickness and miasma.
Your stone body is resilient. (AC +4)
You are immune to poison.
You resist negative energy. (rN+)
You are resistant to electric shocks. (rElec)
You are resistant to unholy torment.
You are immune to petrification.


Message History

The jelly quivers.
There is an open door here.
Found a scroll labelled HUGHYL TOSAE.
You sock the jelly!
Your hands burn!
The jelly is severely wounded.
The jelly hits you but does no damage.
You hit the jelly.
Your hands burn!
The jelly is almost dead.
The jelly hits you but does no damage. The jelly closely misses you.
You sock the jelly!
You kill the jelly!
You have reached level 6!
You hit the iguana but do no damage. The iguana closely misses you.
The iguana bites you!
You sock the iguana!
The iguana is heavily wounded.
The iguana bites you.
You barely miss the iguana.
The iguana is heavily wounded.
The iguana bites you but does no damage.
You closely miss the iguana.
The iguana is heavily wounded.
The iguana closely misses you.
You hit the iguana.
The iguana is almost dead.
The iguana barely misses you.
You barely miss the iguana.
The iguana is almost dead.
The iguana bites you! The iguana closely misses you.
You hit the iguana but do no damage.
The iguana is almost dead.
The iguana bites you.
* * * LOW HITPOINT WARNING * * *
You hit the iguana but do no damage.
The iguana is almost dead.
The iguana bites you but does no damage.
You barely miss the iguana.
The iguana is almost dead.
The iguana bites you!
You die...

..###.....#
............##.#
..........[....#
.............###
............<..#
.....###..)..# ..
?........#.#
....###.#####.#.#######
.........l@...........#
#######'########.####.#
#.......# #.# #.#
#.......# #.####.#
#.......# #......#
#.......# #####..#
#.......# #..#
#.......# ##..#
#.......# #...#


You could see an iguana.

Vanquished Creatures
  A jelly (D:4)
  2 hounds (D:4)
  A bombardier beetle (D:3)
  An iguana (D:4)
  An orc wizard (D:3)
  A hound skeleton (D:3)
  2 ribbon worms (D:2)
  4 orcs
  3 ball pythons
  4 bats
  8 endoplasms
  8 goblins
  6 hobgoblins
  3 jackals (D:3)
  5 kobolds
  2 quokkas
  5 frilled lizards
  2 rats
59 creatures vanquished.

Notes
Turn   | Place    | Note
-------+----------+-------------------------------------------
     0 | D:1      | 12sPaWn12 the Gargoyle Fighter began the quest for the Orb.
     0 | D:1      | Reached XP level 1. HP: 14/14 MP: 1/1
   161 | D:1      | Reached XP level 2. HP: 19/19 MP: 2/2
   354 | D:1      | Found a faded altar of an unknown god.
   934 | D:2      | Reached XP level 3. HP: 24/24 MP: 3/3
  1473 | D:3      | Reached XP level 4. HP: 4/29 MP: 4/4
  1580 | D:3      | Found a sacrificial altar of Ru.
  1737 | D:3      | Reached XP level 5. HP: 15/33 MP: 5/5
  1828 | D:3      | Found a transporter.
  1830 | D:3      | Noticed Palms's ghost (amateur BaRe)
  1831 | D:3      | Found a transporter.
  2419 | D:4      | Noticed Sigmund
  2875 | D:4      | Reached XP level 6. HP: 30/38 MP: 6/6
  2883 | D:4      | Slain by an iguana

Illustrated notes

Levels and vault maps discovered:
D:1:      dpeg_arrival_houses_and_road, layout_basic,
          nicolae_ecumenical_lake_church, minmay_misc_feat_cross
D:2:      layout_basic
D:3:      layout_basic, mainiacjoe_overflow_surrounded_room,
          gammafunk_ghost_mausoleum, serial_undead, serial_undead_e,
          serial_undead_b, serial_undead_d, serial_undead_c, nrook_loot_triangle
D:4:      cheibrodos_old_hovel, layout_basic, st_stairs_3, uniq_sigmund

Skill      XL: |  1  2  3  4  5 |
---------------+----------------+-----
Maces & Flails | 3 4 |  4.1
Armour         | 4 |  4.9
Fighting       | 4 |  4.1
Shields        | 4 |  4.1

Action                     |  1- 3 |  4- 6 || total
---------------------------+-------+-------++-------
  Melee: Flail             |   110 |   108 ||   218
 Armour: Scale mail        |    67 |   116 ||   183
  Dodge: Dodged            |    55 |    50 ||   105
  Block: Buckler           |    27 |    18 ||    45

Table legend: (Time is in decaauts)
 A = Elapsed time spent in this place.
 B = Non-inter-level travel time spent in this place.
 C = Inter-level travel time spent in this place.
 D = Time resting spent in this place.
 E = Time spent auto-exploring this place.
 F = Levels seen in this place.
 G = Mean time per level.
                   A        B        C        D        E       F      G
               +--------+--------+--------+--------+--------+-----+--------+
         Total |   2950 |   2809 |    141 |      0 |   2248 |   4 |  737.5 |
       Dungeon |   2950 |   2809 |    141 |      0 |   2248 |   4 |  737.5 |
               +--------+--------+--------+--------+--------+-----+--------+

Top non-repeatable levels by time:
     D:3: 1080 daAuts
     D:1: 720 daAuts
     D:2: 688 daAuts
     D:4: 460 daAuts
